 Dungeon Crawl Stone Soup version 0.20-a0-1101-g1de9d76 (webtiles) character file.

32 grindst0ne the Skirmisher (level 3, 0/33 HPs)
             Began as a Draconian Berserker on May 4, 2017.
             Was a Follower of Trog.
             Succumbed to Sigmund's poison
             ... on level 2 of the Dungeon.
             The game lasted 00:03:00 (1215 turns).

grindst0ne the Skirmisher (Draconian Berserker)     Turns: 1215, Time: 00:03:01

Health: 0/33       AC:  5    Str: 19    XL:     3   Next: 8%
Magic:  3/3        EV: 12    Int:  7    God:    Trog [*.....]
Gold:   54         SH:  0    Dex: 11    Spells: 2/2 levels left

rFire    . . .     SeeInvis .   a - +0 falchion
rCold    . . .     Gourm    .   (no shield)
rNeg     . . .     Faith    .   (armour unavailable)
rPois    .         Spirit   .   (helmet restricted)
rElec    .         Reflect  .   (no cloak)
rCorr    .         Harm     .   (no gloves)
MR       .....                  (no boots)
Stlth    +.........             (no amulet)
Regen    0.2/turn               (no ring)
MPRegen  0.1/turn               (no ring)

@: lethally poisoned (0 -> -15), very slightly contaminated, invisible
A: unfitting armour, cold-blooded, AC +5
a: Berserk, Burn Spellbooks, Renounce Religion


You were on level 2 of the Dungeon.
You worshipped Trog.
Trog was aware of your devotion.
You were not hungry.

You visited 1 branch of the dungeon, and saw 3 of its levels.

You collected 54 gold pieces.

Inventory:

Hand Weapons
 a - a +0 falchion (weapon)
Missiles
 h - 2 throwing nets (quivered)
Armour
 f - a +2 helmet
Scrolls
 c - 3 scrolls of identify {unknown}
 e - a scroll of teleportation {unknown}
 g - a scroll of fog {unknown}
 i - a scroll of recharging {unknown}
 k - a scroll of remove curse {unknown}
Comestibles
 b - a bread ration
 d - a chunk of flesh
 j - 2 royal jellies


   Skills:
 + Level 4.0 Fighting
 + Level 3.7 Long Blades
 - Level 2.6 Dodging


You had 2 spell levels left.
You didn't know any spells.

Dungeon Overview and Level Annotations

Branches:
Dungeon (3/15)

Altars:

Annotations:
D:2 Sigmund


Innate Abilities, Weirdness & Mutations

Your plain brown scales are hard. (AC +5)
You cannot fit into any form of body armour.
You are cold-blooded and may be slowed by cold attacks.


Message History

You hit something but do no damage.
Your tail-slap misses something.
You feel sick. Something hits you.
* * * LOW HITPOINT WARNING * * *
You are more poisoned.
It was a potion of invisibility.
You fade into invisibility!
* * * LOW HITPOINT WARNING * * *
You feel sick.
You are very lightly contaminated with residual magic.
You miss something.
* * * LOW HITPOINT WARNING * * *
You feel sick. Something barely misses you.
You hit something but do no damage. You tail-slap something.
* * * LOW HITPOINT WARNING * * *
You feel sick. Something barely misses you.
You barely miss something.
* * * LOW HITPOINT WARNING * * *
You feel sick. Something barely misses you.
You barely miss something.
You die...

### #.. #.# #.# #.# #{# .
#@### #...# . ###.#
#.#####.# ###########
#........# ##.......)..
#........# #......#####
#........# #......# #
#.....(..# #......#
.##.##........###......#####


There were no monsters in sight!

Vanquished Creatures
  A worm (D:2)
  A leopard gecko (D:1)
  A ball python (D:1)
  10 bats
  A goblin (D:2)
  3 jackals (D:1)
  A kobold (D:1)
  A quokka (D:2)
  2 frilled lizards (D:1)
  5 rats
26 creatures vanquished.

Notes
Turn   | Place    | Note
-------+----------+-------------------------------------------
     0 | D:1      | grindst0ne the Draconian Berserker began the quest for the Orb.
     0 | D:1      | Reached XP level 1. HP: 19/19 MP: 1/1
   114 | D:1      | Reached XP level 2. HP: 19/26 MP: 2/2
   542 | D:2      | HP: 1/27 [worm (9)]
   839 | D:2      | Reached skill level 4 in Fighting
   842 | D:2      | Reached XP level 3. HP: 10/33 MP: 3/3
  1200 | D:2      | Noticed Sigmund
  1214 | D:2      | HP: 1/33 [poisoned by Sigmund]
  1215 | D:2      | Succumbed to Sigmund's poison

Vault maps used:
D:1:      mrwooster_arrival_statue_2
D:2:      first_bread, uniq_sigmund
D:3:      st_stairs_1, grunt_decor_cap

Skill      XL: |  1  2 |
---------------+-------+-----
Fighting       | 4 |  4.0
Long Blades    | |  3.7
Dodging        | |  2.6

Action                   || total
-------------------------++-------
Melee: Falchion          ||    77
       Tailslap          ||    12
  Use: Potion            ||     1
 Stab: Sleeping          ||     1
  Eat: Chunk             ||     1
Armor: Skin              ||    58
Dodge: Dodged            ||    95
       Rpst.: Falchion   ||    27
